 Dungeon Crawl Stone Soup version 0.21.1-1-g345015fe64 (webtiles) character file.

1277 PikkenKukken the Covered (level 8, -1/62 HPs)
             Began as a Demonspawn Abyssal Knight on June 22, 2018.
             Was a Priest of Lugonu.
             Slain by a vampire (4 damage)
             ... on level 7 of the Dungeon.
             The game lasted 00:20:49 (8658 turns).

PikkenKukken the Covered (DsAK)                     Turns: 8658, Time: 00:20:49

Health: -1/62      AC: 10    Str: 21    XL:     8   Next: 29%
Magic:  21/21      EV: 11    Int: 13    God:    Lugonu [***...]
Gold:   253        SH:  0    Dex: 12    Spells: 7/7 levels left

rFire    + + .     SeeInvis .   a - +2 falchion
rCold    . . .     Gourm    .   (no shield)
rNeg     . . .     Faith    .   o - +4 ring mail of Midsummer {-Cast rC+ MP+9}
rPois    .         Spirit   .   (no helmet)
rElec    .         Reflect  .   (no cloak)
rCorr    .         Harm     .   (no gloves)
MR       .....     NoCast   +   (no boots)
Stlth    ..........             (no amulet)
HPRegen  0.20/turn              p - ring of fire
MPRegen  0.17/turn              v - ring of wizardry

@: mighty
A: claws 2, hooves 1, demonic guardian 1, fire resistance 1, high mp 1, rot
immunity, sturdy frame 1
a: Depart the Abyss, Bend Space, Banish, Renounce Religion


You were on level 7 of the Dungeon.
You worshipped Lugonu.
Lugonu was most pleased with you.
You were not hungry.

You visited 2 branches of the dungeon, and saw 9 of its levels.
You visited the Abyss 1 time.

You collected 253 gold pieces.

Inventory:

Hand Weapons
 a - a +2 falchion (weapon)
 b - a +0 hand crossbow
Missiles
 i - 142 arrows
 n - 46 bolts
Armour
 d - a +0 buckler
 f - a +0 plate armour
 o - the +4 ring mail of Midsummer (worn) {-Cast rC+ MP+9}
   (You found it on level 6 of the Dungeon)

   It protects you from cold.
   It affects your magic capacity (+9).
   It prevents spellcasting.
 A - a +0 leather armour
Jewellery
 p - a ring of fire (left claw)
 v - a ring of wizardry (right claw)
Wands
 m - a wand of paralysis (25)
 s - a wand of random effects (28)
 t - a wand of flame (39)
 x - a wand of enslavement (13)
 y - a wand of iceblast (12)
Scrolls
 e - 3 scrolls of enchant armour
 g - 9 scrolls of identify
 h - 3 scrolls of teleportation
 j - 2 scrolls of magic mapping
 r - a scroll of remove curse
 u - 2 scrolls of fog
 z - a scroll of noise {unknown}
Potions
 l - a potion of brilliance
Comestibles
 c - 6 rations


   Skills:
 + Level 5.0 Fighting
 - Level 5.0 Long Blades
 - Level 5.1 Armour
 - Level 0.8 Dodging
 - Level 5.0 Invocations
 - Level 3.8 Evocations


You had 7 spell levels left.
You didn't know any spells.

Dungeon Overview and Level Annotations

Branches:
Dungeon (8/15)             Temple (1/1) D:6
   Lair: D:8-11

Altars:
Ashenzari
Elyvilon
Gozag
Kikubaaqudgha
Nemelex Xobeh
Sif Muna
Vehumet
Yredelemnul
Zin
The Shining One

Annotations:
D:4 Tali's ghost, amateur MiFi


Innate Abilities, Weirdness & Mutations

You have very sharp fingernails.
A weak demonic guardian rushes to your aid.
You are immune to rotting.
Your movements are slightly less encumbered by armour. (ER -2)
You have large cloven feet.
Your flesh is heat resistant. (rF+)
You have an increased reservoir of magic. (+10% MP)


Message History

Something bites you.
* * * LOW HITPOINT WARNING * * *
Something draws strength from your injuries!
Unknown command.
You miss something. Your kick misses something.
Something hits you but does no damage. Something bites you.
* * * LOW HITPOINT WARNING * * *
Something draws strength from your injuries!
Unknown command.
You completely miss something.
You hear some strange, mumbled words.
Something tries to affect you, but you resist.
Unknown command.
You miss something. You kick something. Something hits you but does no damage.
Something bites you but does no damage.
You closely miss something. Something hits you but does no damage.
Something bites you but does no damage.
Unknown command.
You slash something! Something hits you.
You die...

.######........####.###.......###
...........##.......# #.########.
#######.####...####.###.# #.#
#.###....(........# ##(
#.)......###.##.### ##
######..####.##.#### #
#..##.........# #..##.#.....#.#
#..##@#.###.#.# #..##{#.###.#.#
#.(##o...##...########
#.<....#...###........
#####.##......# #.#######
#.............###.#
#.######.###.#...## #.# #.#
#.##..# #.# #.###.##..#


You could see an orc.

Vanquished Creatures
  An orc warrior (D:6)
  A phantom (D:5)
  An ice beast (D:6)
  A big kobold (D:7)
  A crimson imp (D:6)
  A jelly (D:6)
  A quasit (D:5)
  A bullfrog zombie (D:3)
  A centaur zombie (D:6)
  5 orc priests
  5 orc wizards
  An iguana (D:5)
  2 centaur skeletons
  3 worker ants
  A hound zombie (D:7)
  2 adders
  3 oozes
  An adder zombie (D:6)
  An adder skeleton (D:7)
  2 worms (D:3)
  2 dart slugs (D:1)
  5 leopard geckos
  16 orcs
  A ball python (D:2)
  10 giant cockroaches
  3 hobgoblins
  12 jackals
  4 quokkas
  7 bats
  2 frilled lizards
  9 goblins
  15 kobolds
  2 rats (D:3)
123 creatures vanquished.

Vanquished Creatures (collateral kills)
  An orc warrior (D:6)
  2 ogres (D:4)
  A howler monkey (D:5)
  A crimson imp (D:6)
  A shadow imp (D:5)
  3 orcs
  3 jackals (D:3)
12 creatures vanquished.

Grand Total: 135 creatures vanquished

Notes
Turn   | Place    | Note
-------+----------+-------------------------------------------
     0 | Abyss:1  | PikkenKukken the Demonspawn Abyssal Knight began the quest for the Orb.
     0 | Abyss:1  | Reached XP level 1. HP: 18/18 MP: 2/2
    42 | Abyss:1  | Found a corrupted altar of Lugonu.
    69 | Abyss:1  | Noticed a wretched star
    69 | D:1      | Escaped the Abyss
   183 | D:1      | Gained mutation: You have sharp fingernails. [demonic ancestry]
   183 | D:1      | Reached XP level 2. HP: 17/24 MP: 3/3
   199 | D:1      | Reached * piety under Lugonu
   336 | D:1      | Reached XP level 3. HP: 20/29 MP: 4/4
  1138 | D:2      | Reached ** piety under Lugonu
  1401 | D:2      | Found a glowing silver altar of Zin.
  1401 | D:2      | Found an opulent altar of Gozag.
  1530 | D:2      | Gained mutation: A weak demonic guardian rushes to your aid. [demonic ancestry]
  1530 | D:2      | Reached XP level 4. HP: 35/35 MP: 5/5
  1573 | D:3      | Found a shattered altar of Ashenzari.
  2246 | D:3      | Gained mutation: You are immune to rotting. [demonic ancestry]
  2246 | D:3      | Reached XP level 5. HP: 41/41 MP: 6/6
  2347 | D:4      | Noticed an ogre
  2355 | D:4      | Killed an ogre
  2382 | D:4      | Noticed an ogre
  2391 | D:4      | Killed an ogre
  2586 | D:4      | Noticed Tali's ghost (amateur MiFi)
  2837 | D:3      | Gained mutation: You have very sharp fingernails. [demonic ancestry]
  2837 | D:3      | Reached XP level 6. HP: 37/47 MP: 7/7
  3205 | D:4      | Reached skill level 5 in Long Blades
  3849 | D:5      | Entered Level 5 of the Dungeon
  3850 | D:5      | Found a shattered altar of Ashenzari.
  4656 | D:5      | Reached skill level 5 in Armour
  4656 | D:5      | Gained mutation: Your movements are slightly less encumbered by armour. (ER -2) [demonic ancestry]
  4656 | D:5      | Reached XP level 7. HP: 39/52 MP: 8/8
  4827 | D:5      | Found a glowing golden altar of the Shining One.
  4914 | D:5      | Found a basalt altar of Yredelemnul.
  5019 | D:5      | Found a white marble altar of Elyvilon.
  5119 | D:5      | Gained mutation: You have an increased reservoir of magic. (+10% MP) [potion of mutation]
  5119 | D:5      | Gained mutation: You have large cloven feet. [potion of mutation]
  5119 | D:5      | Gained mutation: Your flesh is heat resistant. (rF+) [potion of mutation]
  5283 | D:5      | Reached skill level 1 in Evocations
  5712 | D:5      | Reached *** piety under Lugonu
  6183 | D:6      | Got a shimmering ring mail
  6197 | D:6      | Found a staircase to the Ecumenical Temple.
  6207 | Temple   | Entered the Ecumenical Temple
  6218 | Temple   | Identified the +4 ring mail of Midsummer {-Cast rC+ MP+9} (You found it on level 6 of the Dungeon)
  6339 | D:6      | Found an ancient bone altar of Kikubaaqudgha.
  6370 | D:6      | Found a deep blue altar of Sif Muna.
  6656 | D:6      | Found a radiant altar of Vehumet.
  6990 | D:6      | Reached XP level 8. HP: 44/61 MP: 12/12
  7221 | D:6      | Reached skill level 5 in Fighting
  7731 | D:7      | Noticed a gargoyle
  7778 | D:7      | Found a sparkling altar of Nemelex Xobeh.
  8164 | D:7      | Reached skill level 5 in Invocations
  8418 | D:7      | You fall through a shaft!
  8654 | D:7      | HP: 3/62 [something (5)]
  8658 | D:7      | Slain by a vampire

Skill      XL: |  1  2  3  4  5  6  7  8 |
---------------+-------------------------+-----
Long Blades    | 2 3 4 5 |  5.0
Armour         | 2 3 5 |  5.1
Evocations     | 3 |  3.8
Fighting       | 4 5 |  5.0
Invocations    | 5 |  5.0
Dodging        | |  0.8

Action                   |  1- 3 |  4- 6 |  7- 9 || total
-------------------------+-------+-------+-------++-------
Melee: Falchion          |    87 |   194 |   265 ||   546
       Kick              |       |       |    62 ||    62
Invok: Depart the Abyss  |     1 |       |       ||     1
  Use: Potion            |     3 |     5 |     7 ||    15
       Scroll            |     3 |     3 |     2 ||     8
 Stab: Distracted        |       |     2 |     1 ||     3
  Eat: Chunk             |     2 |    10 |     6 ||    18
       Ration            |       |       |     2 ||     2
Armor: Skin              |    39 |       |       ||    39
       Leather armour    |    19 |       |       ||    19
       Plate armour      |    18 |   127 |    78 ||   223
       Ring mail         |       |       |    89 ||    89
Dodge: Dodged            |    59 |    47 |   125 ||   231
       Rpst.: Falchion   |    16 |    16 |    30 ||    62
